 Dungeon Crawl Stone Soup version 0.27-b1-41-gafb5482f4b (webtiles) character file.

Game seed: 796610418980344142

222 Sin92 the Skirmisher (level 5, -2/70 HPs)
             Began as a Minotaur Fighter on July 28, 2021.
             Slain by Sigmund (8 damage)
             ... on level 3 of the Dungeon.
             The game lasted 00:02:59 (2560 turns).

Sin92 the Skirmisher (Minotaur Fighter)             Turns: 2560, Time: 00:02:59

Health: -2/70      AC: 12    Str: 22    XL:     5   Next: 66%
Magic:  4/4        EV:  4    Int:  5    God:
Gold:   76         SH:  9    Dex:  9    Spells: 4/4 levels left

rFire    . . .     SeeInvis .   a - +0 flail
rCold    . . .     Faith    .   c - +0 kite shield
rNeg     . . .     Spirit   .   g - +0 plate armour
rPois    .         Reflect  .   (helmet restricted)
rElec    .         Harm     .   (no cloak)
rCorr    .         Rampage  .   (no gloves)
Will     .....                  (no boots)
Stlth    ..........             (no amulet)
HPRegen  0.21/turn              (no ring)
MPRegen  0.09/turn              (no ring)

@: berserking (expiring), very quick
A: horns 2, retaliatory headbutt
a: no special abilities


You were on level 3 of the Dungeon.
You visited 1 branch of the dungeon, and saw 3 of its levels.

You collected 76 gold pieces.

Inventory:

Hand Weapons
 a - a +0 flail (weapon)
Armour
 b - a +0 scale mail
 c - a +0 kite shield (worn)
 g - a +0 plate armour (worn)
Scrolls
 e - a scroll of enchant weapon {unknown}
 f - a scroll of fear {unknown}
 i - 2 scrolls of blinking {unknown}
 j - 2 scrolls of identify {unknown}
 k - a scroll of fog {unknown}
 l - a scroll of summoning {unknown}
 n - a scroll of magic mapping {unknown}
Potions
 d - a potion of might
 h - a potion of curing {unknown}
 o - a potion of attraction {unknown}
 p - a potion of haste {unknown}


   Skills:
 + Level 4.6 Fighting
 * Level 4.6 Maces & Flails
 + Level 4.5 Armour
 + Level 2.1 Dodging
 + Level 4.5 Shields


You had 4 spell levels left.
You didn't know any spells.
Your spell library was empty.

Dungeon Overview and Level Annotations

Branches:
Dungeon (3/15)

Altars:

Shops:
D:2 (

Annotations:
D:3 Grinder, Sigmund


Innate Abilities, Weirdness & Mutations

You have a pair of horns on your head.
You reflexively headbutt those who attack you in melee.


Message History

A red film seems to cover your vision as you go berserk!
You feel yourself moving faster!
You feel mighty!
Sigmund laughs darkly.
You block Sigmund's attack.
You feel a strong urge to attack something.
Sigmund hits you with a +0 scythe.
* * * LOW HITPOINT WARNING * * *
You barely miss Sigmund.
Sigmund is lightly wounded.
Sigmund barely misses you.
You completely miss Sigmund.
Sigmund is lightly wounded.
You block Sigmund's attack.
You thump Sigmund! You headbutt Sigmund!
Sigmund is almost dead.
Sigmund barely misses you.
You closely miss Sigmund.
Sigmund is almost dead.
Grinder blinks!
You closely miss Sigmund. Your headbutt misses Sigmund.
Sigmund is almost dead.
Sigmund casts a spell.
Sigmund flickers and vanishes!
Deactivating autopickup; reactivate with Ctrl-A.
Your plate armour prevents you from hitting something.
You closely miss something. Your headbutt misses something.
Grinder gestures at you. Pain shoots through your body!
* * * LOW HITPOINT WARNING * * *
Something hits you but does no damage.
You hit something. Your headbutt misses something.
Grinder blinks!
Something hits you.
* * * LOW HITPOINT WARNING * * *
You barely miss something. Your headbutt misses something.
You hear some strange, mumbled words.
A magic dart appears from out of thin air!
The magic dart hits you but does no damage.
Your plate armour prevents you from hitting something.
Your headbutt misses something. Something hits you!
You die...

#...###.###..#
#.............
##.......####..
#..............
#..[.#########.
#....# #...
#....# #.#.
#.#####.5..#
#.#.
#...@...ยง..#
####.#.
#..{####...#
#...... #...
##### #.##...
#... # ####
..... # ......
#...... #......
..


You could see Grinder.

Vanquished Creatures
  An ogre (D:2)
  3 gnolls (D:2)
  4 adders
  2 worms
  2 dart slugs (D:1)
  An orc (D:3)
  4 bats
  8 endoplasms
  4 giant cockroaches
  3 goblins
  4 hobgoblins
  5 jackals (D:1)
  A quokka (D:1)
  5 ball pythons
  12 frilled lizards
  2 kobolds
  5 rats
66 creatures vanquished.

Notes
Turn   | Place    | Note
-------+----------+-------------------------------------------
     0 | D:1      | Sin92 the Minotaur Fighter began the quest for the Orb.
     0 | D:1      | Reached XP level 1. HP: 19/19 MP: 0/0
   130 | D:1      | Reached XP level 2. HP: 27/27 MP: 1/1
  1066 | D:1      | Reached XP level 3. HP: 33/33 MP: 2/2
  1183 | D:1      | Reached skill level 1 in Dodging
  1312 | D:2      | Found Plog's Weapon Emporium.
  1321 | D:2      | Noticed an ogre
  1333 | D:2      | Killed an ogre
  1334 | D:2      | Reached XP level 4. HP: 15/41 MP: 3/3
  1334 | D:2      | Reached XP level 5. HP: 17/47 MP: 4/4
  2534 | D:3      | Noticed Sigmund
  2537 | D:3      | Noticed Grinder
  2542 | D:3      | Paralysed by Grinder for 6 turns
  2560 | D:3      | Slain by Sigmund

Illustrated notes

Levels and vault maps discovered:
D:1:      minmay_arrival_jagged, layout_basic
D:2:      layout_rooms, serial_shops, nicolae_shop_crystal, minmay_lizard_pond
D:3:      layout_basic, overflow_temple_1_default,
          nicolae_qazlal_general_emergency,
          hellmonk_ecumenical_altar_watching_god, minmay_diced_spiral,
          uniq_grinder, uniq_crazy_yiuf_cottage, uniq_sigmund

Skill      XL: |  1  2  3  4  5 |
---------------+----------------+-----
Maces & Flails | 3 4 |  4.6
Fighting       | 4 |  4.6
Armour         | 4 |  4.5
Dodging        | 1 2 |  2.1
Shields        | 4 |  4.5

Action                   |  1- 3 |  4- 6 || total
-------------------------+-------+-------++-------
Melee: Flail             |    63 |   110 ||   173
       Headbutt          |    13 |    12 ||    25
  Use: Potion            |       |     1 ||     1
Armor: Scale mail        |     8 |       ||     8
       Plate armour      |    26 |   113 ||   139
Dodge: Dodged            |    18 |    27 ||    45
Block: Kite shield       |    46 |    82 ||   128
